| TOP OF THE 1ST |
|
Batavia Muckdogs batting - Pitching for Los Angeles (NYP) Dodgers : LHP Justin Pirie
|
|
Pitching: LHP Justin Pirie
|
|
|
Batting: RHB Calvin Morin
|
0-0: Called Strike 0-1: Ball 1-1: SINGLE (Groundball, 6MD, EV 108.1 MPH)
|
|
Batting: LHB David Doge
|
0-0: Ball Calvin Morin steals 2nd, throwing error, E2 Calvin Morin to third 1-0: Called Strike 1-1: Ground out 6-3 (Groundball, 6MS, EV 81.9 MPH) Calvin Morin scores
|
|
Batting: RHB Jim Fisher
|
0-0: Ground out 3-1 (Groundball, 34S, EV 87.5 MPH)
|
|
Batting: RHB Len Graham
|
0-0: Ball 1-0: Ball 2-0: Ball 3-0: Called Strike 3-1: Base on Balls
|
|
Batting: LHB Ryan Thompson
|
0-0: Called Strike 0-1: Ball 1-1: Swinging Strike 1-2: Foul Ball, location: 2F 1-2: Strikes out swinging
|
| Top of the 1st over - 1 run, 1 hit, 1 error, 1 left on base; Batavia 1 - Los Angeles (NYP) 0 |
| BOTTOM OF THE 1ST |
|
Los Angeles (NYP) Dodgers batting - Pitching for Batavia Muckdogs : RHP Gabe Behrend
|
|
Pitching: RHP Gabe Behrend
|
|
|
Batting: RHB Mario Mejia
|
0-0: Foul Ball, location: 2F 0-1: Called Strike 0-2: Ball 1-2: Foul Ball, location: 2F 1-2: Foul Ball, location: 2F 1-2: Fly out, F8 (Flyball, 8RM, EV 86.9 MPH)
|
|
Batting: RHB Leo Cuellar
|
0-0: Ball 1-0: Ball 2-0: Ball 3-0: Base on Balls
|
|
Batting: RHB John Piccolo
|
0-0: Ball Leo Cuellar steals 2nd base 1-0: Ball 2-0: Called Strike 2-1: 2-RUN HOME RUN (Flyball, 7LD, EV 96.9 MPH), Distance : 367 ft
|
|
Batting: LHB Kippy McGrath
|
0-0: Ball 1-0: Ground out 6-3 (Groundball, 6, EV 81.3 MPH)
|
|
Batting: SHB Chris Ackerson
|
0-0: Ball 1-0: Ball 2-0: Swinging Strike 2-1: Ball 3-1: Foul Ball, location: 2F 3-2: Foul Ball, location: 2F 3-2: Foul Ball, location: 2F 3-2: Foul Ball, location: 2F 3-2: Foul Ball, location: 2F 3-2: Base on Balls
|
|
Batting: RHB Eddie Perry
|
0-0: Called Strike 0-1: Foul Ball, location: 2F 0-2: Ball 1-2: Ball 2-2: Strikes out swinging
|
| Bottom of the 1st over - 2 runs, 1 hit, 0 errors, 1 left on base; Batavia 1 - Los Angeles (NYP) 2 |
| TOP OF THE 2ND |
|
Batavia Muckdogs batting - Pitching for Los Angeles (NYP) Dodgers : LHP Justin Pirie
|
|
Batting: RHB Larry LeFever
|
0-0: Ball 1-0: Foul Ball, location: 2F 1-1: Ground out 6-3 (Groundball, 6, EV 86.9 MPH)
|
|
Batting: RHB Hiromitsu Yamada
|
0-0: Ball 1-0: Fly out, F7 (Line Drive, 7D, EV 86.9 MPH)
|
|
Batting: RHB Jeremy Dennis
|
0-0: Ball 1-0: SINGLE (Groundball, 5S, EV 69.4 MPH) (infield hit)
|
|
Batting: RHB Jose Trevino
|
0-0: Called Strike 0-1: Called Strike Jeremy Dennis steals 2nd base (no throw) 0-2: Foul Ball, location: 2F 0-2: Foul Ball, location: 2F 0-2: Ball 1-2: Foul Ball, location: 2F 1-2: SINGLE (Groundball, 56, EV 97.5 MPH) Jeremy Dennis to third Runner from 3rd tries for Home, SAFE, throw by LF to home
|
|
Batting: RHB Calvin Morin
|
0-0: Ball 1-0: Ball 2-0: Ball 3-0: Base on Balls Jose Trevino to second
|
|
Batting: LHB David Doge
|
0-0: Foul Ball, location: 2F 0-1: Fielders Choice at 2nd, U4 (Groundball, 4M, EV 88.1 MPH)
|
| Top of the 2nd over - 1 run, 2 hits, 0 errors, 2 left on base; Batavia 2 - Los Angeles (NYP) 2 |
| BOTTOM OF THE 2ND |
|
Los Angeles (NYP) Dodgers batting - Pitching for Batavia Muckdogs : RHP Gabe Behrend
|
|
Batting: LHB Bobby Gambrell
|
0-0: Ground out 4-3 (Groundball, 4, EV 103.8 MPH)
|
|
Batting: LHB Fernando Amaya
|
0-0: Swinging Strike 0-1: Foul Ball, location: 2F 0-2: Ball 1-2: Foul Ball, location: 2F 1-2: Foul Ball, location: 2F 1-2: Ball 2-2: Ground out 3-1 (Groundball, 34S, EV 86.9 MPH)
|
|
Batting: RHB Jonathan Quijada
|
0-0: Ball 1-0: Called Strike 1-1: Foul Ball, location: 2F 1-2: DOUBLE (Line Drive, 7LM, EV 105.0 MPH)
|
|
Batting: RHB Mario Mejia
|
0-0: Ball 1-0: Ground out 1-3 (Groundball, P, EV 65.0 MPH)
|
| Bottom of the 2nd over - 0 runs, 1 hit, 0 errors, 1 left on base; Batavia 2 - Los Angeles (NYP) 2 |
| TOP OF THE 3RD |
|
Batavia Muckdogs batting - Pitching for Los Angeles (NYP) Dodgers : LHP Justin Pirie
|
|
Batting: RHB Jim Fisher
|
0-0: Ball 1-0: Ball 2-0: Ball 3-0: Called Strike 3-1: Ground out 4-3 (Groundball, 4M, EV 87.5 MPH)
|
|
Batting: RHB Len Graham
|
0-0: Ground out 4-3 (Groundball, 4, EV 83.1 MPH)
|
|
Batting: LHB Ryan Thompson
|
0-0: Ball 1-0: Swinging Strike 1-1: Foul Ball, location: 2F 1-2: SINGLE (Groundball, 5D, EV 109.4 MPH)
|
|
Batting: RHB Larry LeFever
|
0-0: Foul Ball, location: 2F 0-1: Ball Passed Ball! Ryan Thompson to second 1-1: Foul Ball, location: 2F 1-2: Foul Ball, location: 2F 1-2: Ball 2-2: Ball Wild Pitch! Ryan Thompson to third 3-2: Base on Balls
|
|
Batting: RHB Hiromitsu Yamada
|
0-0: Ball 1-0: Fielders Choice at 2nd, 6-4 (Groundball, 6D, EV 109.4 MPH)
|
| Top of the 3rd over - 0 runs, 1 hit, 0 errors, 2 left on base; Batavia 2 - Los Angeles (NYP) 2 |
| BOTTOM OF THE 3RD |
|
Los Angeles (NYP) Dodgers batting - Pitching for Batavia Muckdogs : RHP Gabe Behrend
|
|
Batting: RHB Leo Cuellar
|
0-0: Called Strike 0-1: DOUBLE (Groundball, 5L, EV 104.4 MPH)
|
|
Batting: RHB John Piccolo
|
0-0: Ball Passed Ball! Leo Cuellar to third 1-0: Ball 2-0: Ball 3-0: Base on Balls
|
|
Batting: LHB Kippy McGrath
|
0-0: Ball 1-0: Called Strike 1-1: Foul Ball, location: 2F 1-2: DOUBLE (Groundball, 5L, EV 99.4 MPH) Leo Cuellar scores John Piccolo to third Runner from 3rd tries for Home, SAFE, throw by LF to home
|
|
Batting: SHB Chris Ackerson
|
0-0: Swinging Strike 0-1: Foul Ball, location: 2F 0-2: Ball 1-2: Strikes out swinging
|
|
Batting: RHB Eddie Perry
|
0-0: Ball 1-0: Foul Ball, location: 2F 1-1: Swinging Strike 1-2: DOUBLE (Groundball, 5L, EV 100.6 MPH) Kippy McGrath scores
|
|
Pitching: RHP Scott Feltham
|
|
|
Batting: LHB Bobby Gambrell
|
0-0: Called Strike 0-1: Swinging Strike 0-2: SINGLE (Groundball, 6S, EV 63.1 MPH) (infield hit) Eddie Perry to third
|
|
Batting: LHB Fernando Amaya
|
0-0: Ball 1-0: Called Strike Bobby Gambrell steals 2nd base 1-1: Called Strike 1-2: SINGLE (Flyball, 34D, EV 95.6 MPH) Eddie Perry scores Bobby Gambrell to third
|
|
Batting: RHB Jonathan Quijada
|
0-0: Ball 1-0: Called Strike 1-1: Called Strike 1-2: Foul Ball, location: 2F 1-2: DOUBLE (Flyball, 9LD, EV 100.6 MPH) Bobby Gambrell scores Fernando Amaya to third Runner from 3rd tries for Home, throw by RF and OUT! 9-4-2 Jonathan Quijada to third
|
|
Batting: RHB Mario Mejia
|
0-0: Ball 1-0: Called Strike Passed Ball! Jonathan Quijada scores 1-1: Swinging Strike 1-2: Ball 2-2: Strikes out swinging
|
| Bottom of the 3rd over - 6 runs, 6 hits, 0 errors, 0 left on base; Batavia 2 - Los Angeles (NYP) 8 |
| TOP OF THE 4TH |
|
Batavia Muckdogs batting - Pitching for Los Angeles (NYP) Dodgers : LHP Justin Pirie
|
|
Batting: RHB Jeremy Dennis
|
0-0: Ball 1-0: Ball 2-0: Ball 3-0: Base on Balls
|
|
Batting: RHB Jose Trevino
|
0-0: Called Strike 0-1: Fly out, F8 (Flyball, 8LS, EV 75.0 MPH)
|
|
Batting: RHB Calvin Morin
|
0-0: Ball Jeremy Dennis steals 2nd, throwing error, E2 Jeremy Dennis to third 1-0: Ball 2-0: Foul Ball, location: 2F 2-1: Ball 3-1: Swinging Strike 3-2: Base on Balls
|
|
Batting: LHB David Doge
|
0-0: Called Strike Calvin Morin steals 2nd base 0-1: Foul Ball, location: 2F 0-2: Ball 1-2: Ground out 4-3 (Groundball, 4, EV 83.8 MPH) Jeremy Dennis scores Calvin Morin to third
|
|
Batting: RHB Jim Fisher
|
0-0: Reached on error, E3 (Groundball, 34, EV 103.1 MPH) Calvin Morin scores
|
|
Batting: RHB Len Graham
|
0-0: Swinging Strike 0-1: Swinging Strike 0-2: Foul Ball, location: 2F 0-2: Fly out, F9 (Line Drive, 9, EV 96.9 MPH)
|
| Top of the 4th over - 2 runs, 0 hits, 2 errors, 1 left on base; Batavia 4 - Los Angeles (NYP) 8 |
| BOTTOM OF THE 4TH |
|
Los Angeles (NYP) Dodgers batting - Pitching for Batavia Muckdogs : RHP Scott Feltham
|
|
Batting: RHB Leo Cuellar
|
0-0: Ground out 6-3 (Groundball, 6, EV 83.1 MPH)
|
|
Pitching: RHP Ryan Babbitt
|
|
|
Batting: RHB John Piccolo
|
0-0: Foul Ball, location: 2F 0-1: Ground out 4-3 (Groundball, 4, EV 86.9 MPH)
|
|
Batting: LHB Kippy McGrath
|
0-0: Ball 1-0: Ball 2-0: Foul Ball, location: 2F 2-1: Ball 3-1: Called Strike 3-2: Base on Balls
|
|
Batting: SHB Chris Ackerson
|
0-0: Ball 1-0: Ball 2-0: Ball 3-0: Base on Balls Kippy McGrath to second
|
|
Batting: RHB Eddie Perry
|
0-0: Ball 1-0: Fly out, F7 (Line Drive, 7, EV 91.3 MPH)
|
| Bottom of the 4th over - 0 runs, 0 hits, 0 errors, 2 left on base; Batavia 4 - Los Angeles (NYP) 8 |
| TOP OF THE 5TH |
|
Batavia Muckdogs batting - Pitching for Los Angeles (NYP) Dodgers : LHP Justin Pirie
|
|
Pitching: RHP Willie Alvarado
|
|
|
Batting: LHB Ryan Thompson
|
0-0: Foul Ball, location: 2F 0-1: SINGLE (Line Drive, 6M, EV 97.5 MPH)
|
|
Batting: RHB Larry LeFever
|
0-0: Called Strike 0-1: Ball 1-1: Ball Passed Ball! Ryan Thompson to second 2-1: Fly out, F5 (Popup, 5S, EV 70.0 MPH)
|
|
Batting: RHB Hiromitsu Yamada
|
0-0: Called Strike 0-1: SINGLE (Line Drive, 7LM, EV 107.5 MPH) Ryan Thompson to third Runner from 3rd tries for Home, SAFE, throw by LF to home
|
|
Batting: RHB Jeremy Dennis
|
0-0: Ball 1-0: Foul Ball, location: 2F 1-1: Foul Ball, location: 2F 1-2: Ball 2-2: TRIPLE (Line Drive, 78XD, EV 107.5 MPH) Hiromitsu Yamada scores
|
|
Batting: RHB Jose Trevino
|
0-0: Ball 1-0: Ball 2-0: Called Strike 2-1: Foul Ball, location: 2F 2-2: Ground out 4-3 (Groundball, 4, EV 103.1 MPH) Jeremy Dennis scores
|
|
Batting: RHB Calvin Morin
|
0-0: Called Strike 0-1: Ground out U3 (Groundball, 13, EV 83.8 MPH)
|
| Top of the 5th over - 3 runs, 3 hits, 0 errors, 0 left on base; Batavia 7 - Los Angeles (NYP) 8 |
| BOTTOM OF THE 5TH |
|
Los Angeles (NYP) Dodgers batting - Pitching for Batavia Muckdogs : RHP Ryan Babbitt
|
|
Batting: LHB Bobby Gambrell
|
0-0: TRIPLE (Line Drive, 78XD, EV 103.8 MPH)
|
|
Batting: LHB Fernando Amaya
|
0-0: Ball 1-0: Ball 2-0: Ball 3-0: Base on Balls
|
|
Pitching: RHP Alex Garza
|
|
|
Batting: RHB Jonathan Quijada
|
0-0: Ball 1-0: Foul Ball, location: 2F 1-1: Ball 2-1: DOUBLE (Line Drive, 78D, EV 106.9 MPH) Bobby Gambrell scores Fernando Amaya to third
|
|
Batting: RHB Mario Mejia
|
0-0: Ball 1-0: Ball 2-0: Ball 3-0: Called Strike 3-1: Base on Balls
|
|
Batting: RHB Leo Cuellar
|
0-0: Ball 1-0: Foul Ball, location: 2F 1-1: Foul Ball, location: 2F 1-2: Strikes out swinging
|
|
Batting: RHB John Piccolo
|
0-0: Foul Ball, location: 2F 0-1: DOUBLE (Line Drive, 89D, EV 106.9 MPH) Fernando Amaya scores Jonathan Quijada scores Mario Mejia to third
|
|
Batting: LHB Kippy McGrath
|
0-0: Ball 1-0: Foul Ball, location: 2F 1-1: Ball 2-1: 3-RUN HOME RUN (Flyball, 9LD, EV 95.6 MPH), Distance : 352 ft
|
|
Pitching: RHP Giampaolo Nobile
|
|
|
Batting: SHB Chris Ackerson
|
0-0: Ball 1-0: SINGLE (Flyball, 78S, EV 85.0 MPH)
|
|
Batting: RHB Eddie Perry
|
0-0: Ball 1-0: Foul Ball, location: 2F 1-1: Ball 2-1: Ball 3-1: Foul Ball, location: 2F 3-2: Strikes out looking
|
|
Batting: LHB Bobby Gambrell
|
0-0: Ball 1-0: Called Strike 1-1: Swinging Strike 1-2: Ball 2-2: Foul Ball, location: 2F 2-2: Ground out 5-3 (Groundball, 56S, EV 69.4 MPH)
|
| Bottom of the 5th over - 6 runs, 5 hits, 0 errors, 1 left on base; Batavia 7 - Los Angeles (NYP) 14 |
| TOP OF THE 6TH |
|
Batavia Muckdogs batting - Pitching for Los Angeles (NYP) Dodgers : RHP Willie Alvarado
|
|
Batting: LHB David Doge
|
0-0: Ball 1-0: Called Strike 1-1: Ground out 6-3 (Groundball, 6, EV 100.0 MPH)
|
|
Batting: RHB Jim Fisher
|
0-0: Fly out, F9 (Flyball, 89M, EV 91.9 MPH)
|
|
Batting: RHB Len Graham
|
0-0: Ball 1-0: Ball 2-0: Reached on error, E5 (Groundball, 15, EV 90.0 MPH)
|
|
Batting: LHB Ryan Thompson
|
0-0: Ball Len Graham steals 2nd base 1-0: Swinging Strike 1-1: SINGLE (Line Drive, 89S, EV 105.6 MPH) Len Graham to third Runner from 3rd tries for Home, SAFE, throw by RF to home Ryan Thompson to second
|
|
Pitching: RHP Chris Hodge
|
|
|
Batting: RHB Larry LeFever
|
0-0: Called Strike 0-1: Ball 1-1: Swinging Strike 1-2: Ground out 6-3 (Groundball, 6, EV 90.6 MPH)
|
| Top of the 6th over - 1 run, 1 hit, 1 error, 1 left on base; Batavia 8 - Los Angeles (NYP) 14 |
| BOTTOM OF THE 6TH |
|
Los Angeles (NYP) Dodgers batting - Pitching for Batavia Muckdogs : RHP Giampaolo Nobile
|
|
Batting: LHB Fernando Amaya
|
0-0: Foul Ball, location: 2F 0-1: Swinging Strike 0-2: Ball 1-2: SOLO HOME RUN (Line Drive, 89XD, EV 113.8 MPH), Distance : 442 ft
|
|
Batting: RHB Jonathan Quijada
|
0-0: SINGLE (Groundball, 6MD, EV 95.6 MPH)
|
|
Batting: RHB Mario Mejia
|
0-0: Foul Ball, location: 2F 0-1: Swinging Strike 0-2: Foul Ball, location: 2F 0-2: Ball 1-2: Foul Ball, location: 2F 1-2: Strikes out swinging
|
|
Batting: RHB Leo Cuellar
|
0-0: Called Strike 0-1: Called Strike 0-2: Strikes out looking Jonathan Quijada steals 2nd base Batter strikes out.
|
|
Batting: RHB John Piccolo
|
0-0: Swinging Strike 0-1: Swinging Strike 0-2: Foul Ball, location: 2F 0-2: Ball 1-2: Foul Ball, location: 2F 1-2: Foul Ball, location: 2F 1-2: Strikes out swinging
|
| Bottom of the 6th over - 1 run, 2 hits, 0 errors, 1 left on base; Batavia 8 - Los Angeles (NYP) 15 |
| TOP OF THE 7TH |
|
Batavia Muckdogs batting - Pitching for Los Angeles (NYP) Dodgers : RHP Chris Hodge
|
|
Batting: RHB Hiromitsu Yamada
|
0-0: Ball 1-0: Called Strike 1-1: Foul Ball, location: 2F 1-2: Foul Ball, location: 2F 1-2: Ball 2-2: Ball 3-2: Foul Ball, location: 2F 3-2: Strikes out swinging
|
|
Batting: RHB Jeremy Dennis
|
0-0: Called Strike 0-1: Swinging Strike 0-2: Ball 1-2: Ball 2-2: Strikes out swinging
|
|
Batting: RHB Jose Trevino
|
0-0: Foul Ball, location: 2F 0-1: Ball 1-1: Swinging Strike 1-2: Ball 2-2: Foul Ball, location: 2F 2-2: Strikes out looking
|
| Top of the 7th over - 0 runs, 0 hits, 0 errors, 0 left on base; Batavia 8 - Los Angeles (NYP) 15 |
| BOTTOM OF THE 7TH |
|
Los Angeles (NYP) Dodgers batting - Pitching for Batavia Muckdogs : RHP Giampaolo Nobile
|
|
Batting: LHB Kippy McGrath
|
0-0: Called Strike 0-1: Foul Ball, location: 2F 0-2: Ball 1-2: Ball 2-2: Ball 3-2: Base on Balls
|
|
Pinch Hitting: RHB Cesar Reyes
|
0-0: Ball 1-0: DOUBLE (Line Drive, 78M, EV 101.9 MPH) Kippy McGrath to third
|
|
Pinch Hitting: LHB Mike Pesek
|
0-0: Ball 1-0: Ball 2-0: Ball 3-0: Called Strike 3-1: Foul Ball, location: 2F 3-2: Foul Ball, location: 2F 3-2: SINGLE (Groundball, 34D, EV 97.5 MPH) Kippy McGrath scores Cesar Reyes to third
|
|
Batting: LHB Bobby Gambrell
|
0-0: Called Strike 0-1: Ball 1-1: Ball 2-1: Ball 3-1: Fielders Choice at 2nd, 4-6 (Groundball, 4S, EV 88.8 MPH) Cesar Reyes scores
|
|
Pinch Hitting: LHB Joe Jenkins
|
0-0: Called Strike 0-1: Swinging Strike 0-2: Foul Ball, location: 2F 0-2: Foul Ball, location: 2F 0-2: Ball 1-2: Strikes out swinging
|
|
Pitching: RHP Emilio Montalvo
|
|
|
Batting: RHB Jonathan Quijada
|
0-0: Ball 1-0: Foul Ball, location: 2F 1-1: Ball Balk! Bobby Gambrell to second 2-1: Foul Ball, location: 2F 2-2: SINGLE (Groundball, 6M, EV 108.8 MPH) (infield hit) Bobby Gambrell to third
|
|
Batting: RHB Mario Mejia
|
0-0: Called Strike 0-1: Ball 1-1: Ball 2-1: Ball 3-1: Base on Balls Jonathan Quijada to second
|
|
Batting: RHB Leo Cuellar
|
0-0: Ball 1-0: Foul Ball, location: 2F 1-1: Ball 2-1: Swinging Strike 2-2: Ball 3-2: Base on Balls Bobby Gambrell scores Jonathan Quijada to third Mario Mejia to second
|
|
Batting: RHB John Piccolo
|
0-0: Ball 1-0: Ball 2-0: Called Strike 2-1: Ball 3-1: Base on Balls Jonathan Quijada scores Mario Mejia to third Leo Cuellar to second
|
|
Batting: LHB Kippy McGrath
|
0-0: Called Strike 0-1: Swinging Strike 0-2: Strikes out swinging
|
| Bottom of the 7th over - 4 runs, 3 hits, 0 errors, 3 left on base; Batavia 8 - Los Angeles (NYP) 19 |
| TOP OF THE 8TH |
|
Batavia Muckdogs batting - Pitching for Los Angeles (NYP) Dodgers : RHP Chris Hodge
|
|
Now at 1B: John Gernaat
|
|
|
Now in LF: Cesar Reyes
|
|
|
Now in RF: Mike Pesek
|
|
|
Pinch Hitting: LHB Andrew van Dongen
|
0-0: Called Strike 0-1: Ground out 4-3 (Groundball, 4M, EV 87.5 MPH)
|
|
Batting: LHB David Doge
|
0-0: Ground out 4-3 (Groundball, 34D, EV 106.9 MPH)
|
|
Batting: RHB Jim Fisher
|
0-0: Called Strike 0-1: Ground out 6-3 (Groundball, 6, EV 102.5 MPH)
|
| Top of the 8th over - 0 runs, 0 hits, 0 errors, 0 left on base; Batavia 8 - Los Angeles (NYP) 19 |
| BOTTOM OF THE 8TH |
|
Los Angeles (NYP) Dodgers batting - Pitching for Batavia Muckdogs : RHP Emilio Montalvo
|
|
Now in CF: David Doge
|
|
|
Now in RF: Andrew van Dongen
|
|
|
Batting: RHB Cesar Reyes
|
0-0: Ball 1-0: Ball 2-0: Ball 3-0: Called Strike 3-1: Foul Ball, location: 2F 3-2: Foul Ball, location: 2F 3-2: Base on Balls
|
|
Batting: LHB Mike Pesek
|
0-0: Fly out, F8 (Flyball, 8LM, EV 90.6 MPH)
|
|
Batting: LHB Bobby Gambrell
|
0-0: Ball 1-0: Called Strike 1-1: Swinging Strike 1-2: Ball 2-2: Foul Ball, location: 2F 2-2: Ball 3-2: Base on Balls Cesar Reyes to second
|
|
Batting: SHB John Gernaat
|
0-0: SINGLE (Groundball, P, EV 87.5 MPH) (infield hit) Cesar Reyes to third Bobby Gambrell to second
|
|
Batting: RHB Jonathan Quijada
|
0-0: Called Strike 0-1: Ball 1-1: SINGLE (Line Drive, 7LM, EV 110.6 MPH) Cesar Reyes scores Bobby Gambrell to third John Gernaat to second
|
|
Batting: RHB Mario Mejia
|
0-0: Called Strike 0-1: Ball 1-1: Fielders Choice at 2nd, 6-4 (Groundball, 6, EV 85.0 MPH) Bobby Gambrell scores John Gernaat to third
|
|
Batting: RHB Leo Cuellar
|
0-0: Ball 1-0: Called Strike 1-1: SINGLE (Groundball, 6D, EV 109.4 MPH) John Gernaat scores Mario Mejia to second
|
|
Batting: RHB John Piccolo
|
0-0: Ball 1-0: Ball 2-0: Ball 3-0: Called Strike 3-1: Foul Ball, location: 2F 3-2: Fly out, F2 (Popup, 13S, EV 86.9 MPH)
|
| Bottom of the 8th over - 3 runs, 3 hits, 0 errors, 2 left on base; Batavia 8 - Los Angeles (NYP) 22 |
| TOP OF THE 9TH |
|
Batavia Muckdogs batting - Pitching for Los Angeles (NYP) Dodgers : RHP Chris Hodge
|
|
Batting: RHB Len Graham
|
0-0: Ball 1-0: Ball 2-0: Called Strike 2-1: Foul Ball, location: 2F 2-2: DOUBLE (Line Drive, 9LD, EV 101.3 MPH)
|
|
Batting: LHB Ryan Thompson
|
0-0: Ball 1-0: Swinging Strike 1-1: Called Strike 1-2: Strikes out swinging
|
|
Pinch Hitting: LHB Carlos Mosqueda
|
0-0: Ball 1-0: Fly out, F8 (Flyball, 8RS, EV 85.0 MPH)
|
|
Pinch Hitting: LHB Mario Tirado
|
0-0: Foul Ball, location: 2F 0-1: Ball 1-1: Called Strike 1-2: Ball 2-2: Ball 3-2: Foul Ball, location: 2F 3-2: Base on Balls
|
|
Batting: RHB Jeremy Dennis
|
0-0: Ball 1-0: Called Strike 1-1: Fly out, F4 (Popup, 4S, EV 75.0 MPH)
|
| Top of the 9th over - 0 runs, 1 hit, 0 errors, 2 left on base; Batavia 8 - Los Angeles (NYP) 22 |
|